 Dungeon Crawl Stone Soup version 0.25-a0-875-geaba134f46 (webtiles) character file.

Game seed: 5445891968123852939, levelgen mode: classic

172 EnegeticOcto the Skirmisher (level 5, -3/37 HPs)
             Began as an Octopode Fighter on May 1, 2020.
             Killed from afar by an orc wizard (10 damage)
             ... with a magic dart
             ... on level 3 of the Dungeon.
             The game lasted 00:00:54 (2184 turns).

EnegeticOcto the Skirmisher (Octopode Fighter)      Turns: 2184, Time: 00:00:55

Health: -3/37      AC:  1    Str: 16    XL:     5   Next: 52%
Magic:  5/5        EV: 12    Int: 10    God:
Gold:   115        SH:  9    Dex: 12    Spells: 4/4 levels left

rFire    . . .     SeeInvis .   d - +1 short sword (drain)
rCold    . . .     Gourm    .   b - +0 kite shield
rNeg     . . .     Faith    .   (helmet restricted)
rPois    .         Spirit   .   (no amulet)
rElec    .         Reflect  .   (no ring)
rCorr    .         Harm     .   (no ring)
MR       .....                  (no ring)
Stlth    +++.......             (no ring)
HPRegen  0.12/turn              (no ring)
MPRegen  0.09/turn              (no ring)
                                (no ring)
                                (no ring)

@: no status effects
A: almost no armour, stealthy swim, amphibious, 8 rings, constrict 8, camouflage
1, gelatinous body 1
a: no special abilities


You were on level 3 of the Dungeon.
You were not hungry.

You visited 1 branch of the dungeon, and saw 3 of its levels.

You collected 115 gold pieces.

Inventory:

Hand Weapons
 a - a +0 long sword
 d - a +1 short sword of draining (weapon)
Armour
 b - a +0 kite shield (worn)
Scrolls
 f - 3 scrolls of magic mapping {unknown}
 g - a scroll of random uselessness {unknown}
 h - 2 scrolls of identify {unknown}
 i - a scroll of noise {unknown}
 j - 2 scrolls of fog {unknown}
 m - a scroll of blinking {unknown}
 o - 2 scrolls of remove curse {unknown}
Potions
 c - a potion of curing {unknown}
 k - a potion of might {@q3}
 l - 2 potions of heal wounds {unknown}
 p - a potion of stabbing {unknown}
Comestibles
 e - 4 rations
 n - 2 chunks of flesh


   Skills:
 + Level 3.8 Fighting
 * Level 2.7(3.2) Short Blades
 - Level 2.4(3.1) Long Blades
 - Level 3.0 Dodging
 + Level 2.6 Stealth
 + Level 3.8 Shields


You had 4 spell levels left.
You didn't know any spells.
Your spell library was empty.

Dungeon Overview and Level Annotations

Branches:
Dungeon (3/15)

Altars:
Cheibriados


Innate Abilities, Weirdness & Mutations

You cannot wear most types of armour.
You are very stealthy in the water. (Stealth+)
You are amphibious.
You can wear up to eight rings at the same time.
You can use your tentacles to constrict eight enemies at once.
Your skin changes colour to match your surroundings (Stealth+).
Your rubbery body absorbs attacks. (AC +1, EV +1)


Message History

Found 24 sling bullets.
e - 4 rations (gained 1)
A giant cockroach comes into view.
A giant cockroach is nearby!
A giant cockroach is nearby!
A giant cockroach is nearby!
A rat, a hound, 2 orcs and an orc priest come into view.
The orc shouts!
The orc priest shouts!
You hear a shout!
An orc wizard comes into view. It is wielding a +0 dagger.
Found 11 gold pieces.
Found an escape hatch in the ceiling.
You barely miss the rat.
The orc shouts!
The hound barks!
You grab the rat. You squeeze the rat.
You kill the rat!
You hear a shout!
The hound stops to sniff the ground.
The orc priest invokes the aid of Beogh against you.
You barely resist.
A rat comes into view.
You hit the orc. You drain the orc.
You kill the orc!
The hound bites you.
There are monsters nearby!
There are monsters nearby!
There are monsters nearby!
There are monsters nearby!
There are monsters nearby!
You closely miss the hound. You grab the hound. You constrict the hound.
You block the hound's attack. The giant cockroach misses you.
The hound bites you.
You release your grip on the hound.
The giant cockroach misses you.
A hobgoblin comes into view. It is wielding a +0 club.
You closely miss the hound. Your grab misses the hound.
The hound is lightly wounded.
The hound closely misses you. x2
The orc priest looks satisfied for a moment.
The hobgoblin hits you with a +0 club.
Your shield prevents you from hitting the hound.
You grab the hound.
The hound is lightly wounded.
You constrict the hound. The hound bites you.
The hobgoblin hits you with a +0 club. You block the hound's attack.
You hit the hound.
The hound is moderately wounded.
You constrict the hound. You block the hound's attack.
The hobgoblin closely misses you.
You hit the hound. You squeeze the hound.
You kill the hound!
You have reached level 5!
You feel stronger. The hobgoblin barely misses you.
You barely miss the hobgoblin. You grab the hobgoblin.
You constrict the hobgoblin, but do no damage.
The orc priest misses you.
The orc wizard gestures wildly while chanting.
The orc wizard seems to speed up.
The hobgoblin hits you but does no damage.
You hit the orc priest but do no damage.
Your grab misses the orc priest. Your squeeze misses the orc priest.
You constrict the hobgoblin. The orc priest misses you.
Your shield prevents you from hitting the orc priest.
Your grab misses the orc priest. You constrict the hobgoblin.
The hobgoblin hits you but does no damage.
You block the orc priest's attack.
The orc wizard mumbles some strange words.
The orc wizard blinks!
You closely miss the orc priest. You grab the orc priest.
You constrict the orc priest. You constrict the hobgoblin.
You kill the hobgoblin!
The orc priest hits you with a +0 mace.
You hit the orc priest. You squeeze the orc priest!
You kill the orc priest!
The orc wizard mumbles some strange words.
The orc wizard blinks!
You hit the orc. You grab the orc. You squeeze the orc.
You kill the orc!
You block the giant cockroach's attack.
You hit the giant cockroach but do no damage.
You drain the giant cockroach. Your grab misses the giant cockroach.
The giant cockroach is almost dead.
The orc wizard mumbles some strange words.
The orc wizard blinks!
The giant cockroach closely misses you.
You barely miss the giant cockroach. Your grab misses the giant cockroach.
The giant cockroach is almost dead.
The orc wizard casts a spell.
The orc wizard blinks!
The giant cockroach barely misses you.
You see here a +0 club.
You closely miss the giant cockroach. You grab the giant cockroach.
The giant cockroach is almost dead.
You constrict the giant cockroach.
You kill the giant cockroach!
The orc wizard gestures at you while chanting.
The magic dart hits you!
* * * LOW HITPOINT WARNING * * *
The orc wizard hits you with a +0 dagger.
* * * LOW HITPOINT WARNING * * *
You closely miss the orc wizard. Your grab misses the orc wizard.
The orc wizard casts a spell at you. The magic dart hits you!
You die...

.......รท.....#
.............+
.............#
######'####.##...#
........# #.##...#
........# #.##...#
........# #......#
........###.##.(.#
.......ro@)..+...#
........######...#
........# #...#
......$.# ....#
........# .....
......<.# .....
........#
#########


You could see an orc wizard and a rat.

Vanquished Creatures
  A hound (D:3)
  An orc priest (D:3)
  6 adders
  3 worms (D:2)
  3 dart slugs (D:2)
  2 orcs (D:3)
  5 giant cockroaches
  3 goblins
  4 hobgoblins
  3 jackals (D:2)
  6 kobolds
  6 bats
  2 frilled lizards
  4 rats
49 creatures vanquished.

Notes
Turn   | Place    | Note
-------+----------+-------------------------------------------
     0 | D:1      | EnegeticOcto the Octopode Fighter began the quest for the
                  | Orb.
     0 | D:1      | Reached XP level 1. HP: 16/16 MP: 1/1
   337 | D:1      | Reached XP level 2. HP: 21/21 MP: 2/2
   891 | D:2      | Reached XP level 3. HP: 23/26 MP: 3/3
   926 | D:2      | Reached skill level 1 in Short Blades
   926 | D:2      | Reached skill level 1 in Stealth
  1380 | D:2      | Reached XP level 4. HP: 31/31 MP: 4/4
  2042 | D:3      | Found a snail-covered altar of Cheibriados.
  2172 | D:3      | Reached XP level 5. HP: 21/37 MP: 5/5
  2184 | D:3      | Killed from afar by an orc wizard

Levels and vault maps discovered:
D:1:      nzn_arrival_settlement, layout_loops_ring,
          chequers_serial_rivers_small_a
D:2:      layout_loops_ring, serial_bayou, serial_bayou_pond_e,
          serial_bayou_ford_a, serial_bayou_shore_b, serial_bayou_pond_d
D:3:      layout_basic, lemuel_round_altar

Skill      XL: |  1  2  3  4 |
---------------+-------------+-----
Short Blades   | 1 2 |  2.7
Stealth        | 1 2 |  2.6
Fighting       | |  3.8
Long Blades    | |  2.4
Dodging        | |  3.0
Shields        | |  3.8

Action                   |  1- 3 |  4- 6 || total
-------------------------+-------+-------++-------
Melee: Short sword       |    43 |    48 ||    91
       Long sword        |     5 |       ||     5
       Constrict         |    12 |    17 ||    29
       Tentacles         |     6 |    10 ||    16
 Stab: Sleeping          |     6 |     3 ||     9
  Eat: Chunk             |     1 |     3 ||     4
Armor: Skin              |     4 |     3 ||     7
Dodge: Dodged            |    16 |    21 ||    37
Block: Kite shield       |     9 |     8 ||    17
       Rpst.: Long sword |     1 |       ||     1

Table legend:
 A = Non-vault XP
 B = Vault XP
 C = Vault XP percentage of total XP
 D = Non-vault monster count
 E = Vault monster count
 F = Vault count percentage of total count
                 A         B        C        D         E       F
            +---------+---------+-------+---------+---------+-------
      Total |     246 |       0 |   0.0 |      49 |       0 |   0.0
            +---------+---------+-------+---------+---------+-------
        D:1 |      17 |       0 |   0.0 |      12 |       0 |   0.0
        D:2 |     100 |       0 |   0.0 |      22 |       0 |   0.0
        D:3 |     129 |       0 |   0.0 |      15 |       0 |   0.0
            +---------+---------+-------+---------+---------+-------
